 Dungeon Crawl Stone Soup version 0.30-a0-1176-gcdfb0321a8 (webtiles) character file.

Game seed: 11944331868798680437

73 Lavandula the Gusty (level 4, -2/30 HPs)
             Began as a Mummy Wanderer on Apr 30, 2023.
             Slain by a gnoll
             ... wielding a +1 whip of draining
              (3 damage)
             ... on level 4 of the Dungeon.
             The game lasted 00:07:56 (1995 turns).

Lavandula the Gusty (Mummy Wanderer)                Turns: 1995, Time: 00:07:57

Health: -2/30      AC:  3    Str: 14    XL:     4   Next: 8%
Magic:  0/7        EV: 11    Int: 12    God:
Gold:   33         SH:  4    Dex: 13    Spells: 1/7 levels left

rFire   x . .        a - +0 dagger
rCold   + . .        d - +0 buckler
rNeg    + + +        f - +0 leather armour
rPois   ∞            (no helmet)
rElec   .            (no cloak)
rCorr   .            (no gloves)
SInv    .            (no boots)
Will    .....        (no amulet)
Stlth   ++           (no ring)
HPRegen 0.25/turn    (no ring)
MPRegen 0.10/turn

%: faith
@: no status effects
A: cold resistance 1, negative energy resistance 3, torment resistance 2, heat
vulnerability 1, in touch with death 1, no potions, faith
a: no special abilities


You were on level 4 of the Dungeon.
You visited 1 branch of the dungeon, and saw 4 of its levels.

You collected 33 gold pieces.

Inventory:

Hand Weapons
 a - a +0 dagger (weapon)
Missiles
 b - an atropa-tipped dart (quivered)
Armour
 d - a +0 buckler (worn)
 f - a +0 leather armour (worn)
Jewellery
 g - a ring of magical power
Scrolls
 e - a scroll of teleportation
 i - a scroll of identify {unknown}


   Skills:
 - Level 1.0 Dodging
 - Level 1.5 Stealth
 - Level 1.0 Shields
 - Level 2.0 Spellcasting
 - Level 1.0 Translocations
 + Level 3.7 Air Magic
 - Level 1.0 Invocations
 - Level 1.0 Evocations


You had one spell level left.
You knew the following spells:

 Your Spells              Type           Power      Damage    Failure   Level
a - Shock                 Conj/Air       20%        1d4       22%         1
b - Vhi's Electric Charg  Tloc/Air       12%        N/A       47%         3
c - Momentum Strike       Conj/Tloc      4%         3d8       50%         2

Your spell library contained the following spells:

 Spells                   Type           Power      Damage    Failure   Level
 Blink                    Tloc           6%         N/A       43%         2
 Lesser Beckoning         Tloc           6%         N/A       43%         2


Dungeon Overview and Level Annotations

Branches:
Dungeon (4/15)
 Temple: D:4-7

Altars:
Makhleb


Innate Abilities, Weirdness & Mutations

You are immune to poison.
Your flesh is cold resistant. (rC+)
You are immune to negative energy. (rN+++)
You are immune to unholy pain and torment.
You are vulnerable to heat. (rF-)
You are in touch with the powers of death.
You do not drink.
You have a special connection with the divine. (Faith)


Message History

Unknown command.
Casting: Shock (safe; 22% risk of failure)
Confirm with . or Enter, or press ? or * to list all spells.
Aiming: Shock (safe; 22% risk of failure)
Press: ? - help, Shift-Dir - straight line The zap hits the gnoll.
The gnoll is moderately wounded.
The zap hits the gnoll.
The gnoll is moderately wounded.
The gnoll closely misses you.
Unknown command.
Casting: Shock (safe; 22% risk of failure)
Confirm with . or Enter, or press ? or * to list all spells.
Aiming: Shock (safe; 22% risk of failure)
Press: ? - help, Shift-Dir - straight line The zap misses the gnoll. x2
The gnoll hits you with a +1 whip of draining.
Unknown command.
Unknown command.
Casting: Shock (safe; 22% risk of failure)
Confirm with . or Enter, or press ? or * to list all spells.
Aiming: Shock (safe; 22% risk of failure)
Press: ? - help, Shift-Dir - straight line The zap hits the gnoll.
The gnoll is heavily wounded.
The zap hits the gnoll.
The gnoll is severely wounded.
The gnoll hits you with a +1 whip of draining!
* * * LOW HITPOINT WARNING * * *
You aren't carrying any items that you can evoke.
Okay, then.
Unknown command.
You can't drink.
Unknown command.
As you read the scroll labelled HEDEGOSKESKI, it crumbles to dust.
It is a scroll of amnesia.
Really abort (and waste the scroll)?
Okay, then.
The gnoll hits you with a +1 whip of draining.
You die...

..> ... #.#
#.# ###
#.## ...
#.. ### #.#
#@#####
#.g.!.##.##
###........
#
#.#.#.....
# #.#.#
.... #
#...# ... #
#..## ....
#
#..##.....
#
#.........
#


You could see a gnoll.

Vanquished Creatures
  A gnoll (D:3)
  An adder (D:3)
  A dart slug (D:3)
  2 orcs (D:4)
  6 ball pythons
  4 bats
  5 endoplasms
  2 giant cockroaches
  2 goblins
  2 hobgoblins (D:1)
  7 jackals (D:1)
  2 frilled lizards (D:1)
  2 kobolds (D:2)
  5 rats
42 creatures vanquished.

Vanquished Creatures (others)
  A gnoll (D:3)
  An orc (D:4)
  4 fungi (D:1)
  2 plants (D:1)
8 creatures vanquished.

Grand Total: 50 creatures vanquished

Notes
Turn   | Place    | Note
-------+----------+-------------------------------------------
     0 | D:1      | Lavandula the Mummy Wanderer began the quest for the Orb.
     0 | D:1      | Lavandula set off with the following items: a +0 dagger, 2
                  | atropa-tipped darts, a datura-tipped dart, a +0 buckler, a
                  | scroll of teleportation, a +0 leather armour; and the
                  | following spell memorised: Shock; and the following spells
                  | available to memorise: Vhi's Electric Charge.
     0 | D:1      | Reached XP level 1. HP: 13/13 MP: 2/2
   389 | D:1      | Reached XP level 2. HP: 15/19 MP: 0/4
   447 | D:1      | Reached skill level 3 in Air Magic
   736 | D:1      | Found a faded altar of an unknown god.
   938 | D:1      | Gained mutation: You are in touch with the powers of death.
                  | [Mummy growth]
   938 | D:1      | Reached XP level 3. HP: 24/24 MP: 2/5
   942 | D:1      | Learned a level 3 spell: Vhi's Electric Charge
  1150 | D:2      | Learned a level 2 spell: Momentum Strike
  1513 | D:3      | Reached skill level 1 in Translocations
  1862 | D:4      | Found a burning altar of Makhleb.
  1869 | D:4      | Noticed an angel
  1869 | D:4      | Noticed a green death
  1882 | D:4      | Reached XP level 4. HP: 30/30 MP: 5/7
  1994 | D:4      | HP: 1/30 [gnoll/+1 whip of draining (9)]
  1995 | D:4      | Slain by a gnoll

Illustrated notes

Levels and vault maps discovered:
D:1:      dpeg_arrival_erosion, layout_rooms,
          dreamdust_ecumenical_altar_hidden_monk_grotto,
          minmay_misc_feat_hallway, dreamdust_princess_bridge,
          hangedman_decor_slide_cut
D:2:      layout_rooms, minmay_between
D:3:      layout_basic, slow_altar_1, minmay_misc_feat_ornament,
          minmay_misc_feat_columns, minmay_surrounded
D:4:      layout_loops_cross, grunt_temple_overflow_order_and_chaos_2,
          amcnicky_altar_gilded, fedhas_altar_decomposition

Skill      XL: |  1  2  3 |
---------------+----------+-----
Air Magic      | 3 |  3.7
Spellcasting   | 2 |  2.0
Translocations | 1 |  1.0
Dodging        | |  1.0
Stealth        | |  1.5
Shields        | |  1.0
Invocations    | |  1.0
Evocations     | |  1.0

Action                     |  1- 3 |  4- 6 || total
---------------------------+-------+-------++-------
  Melee: Dagger            |    68 |       ||    68
  Throw: Dart              |     1 |     2 ||     3
   Cast: Shock             |    77 |     7 ||    84
    Use: Scroll            |       |     1 ||     1
   Stab: Distracted        |     1 |       ||     1
 Armour: Leather armour    |    32 |       ||    32
  Dodge: Dodged            |    81 |     4 ||    85
  Block: Buckler           |    29 |     2 ||    31

Table legend: (Time is in decaauts)
 A = Elapsed time spent in this place.
 B = Non-inter-level travel time spent in this place.
 C = Inter-level travel time spent in this place.
 D = Time resting spent in this place.
 E = Time spent auto-exploring this place.
 F = Levels seen in this place.
 G = Mean time per level.
                   A        B        C        D        E       F      G
               +--------+--------+--------+--------+--------+-----+--------+
         Total |   2001 |   1891 |    110 |    317 |   1026 |   4 |  500.2 |
       Dungeon |   2001 |   1891 |    110 |    317 |   1026 |   4 |  500.2 |
               +--------+--------+--------+--------+--------+-----+--------+

Top non-repeatable levels by time:
     D:1: 1314 daAuts
     D:3: 319 daAuts
     D:4: 211 daAuts
     D:2: 156 daAuts
